Match 48454146
Unlisted

Match 48454146
End
Construct Section Command Post
Selects Heavy Armor Battlegroup
Dingo Light Scout Car
Dingo Light Scout Car
Royal Engineer Section
Infantry Section
Construct Platoon Command Post
Humber Armored Car
Selects Light Vehicle Withdraw and Refit
Light Vehicle Withdraw and Refit
Selects Rigorous Vehicle Training
Infantry Section
Humber Armored Car
Light Vehicle Training
Selects UNKNOWN (202330)
Selects Forward Repair Assembly
Infantry Section
CMP 15cwt Truck
Infantry Training
Forward Retreat Point
6-pounder Anti-tank Gun Team
Construct Company Command Post
Crusader AA Medium Tank
Doubletap
Scuzzle
cmsmiley
MainAcrobat
단팥붕어빵
Zoomer
MoriMusic
Tanith's Finest
0
0

Comments sign in to comment!

No comments posted yet!